 Dungeon Crawl Stone Soup version 0.27-a0-1119-gbf574a6a6b (webtiles) character file.

Game seed: 11726126387707659361

12 Zeld the Skirmisher (level 2, -1/21 HPs)
             Began as an Octopode Fighter on May 2, 2021.
             Slain by a gnoll
             ... wielding a +0 club
              (9 damage)
             ... on level 5 of the Dungeon.
             The game lasted 00:00:32 (435 turns).

Zeld the Skirmisher (Octopode Fighter)               Turns: 435, Time: 00:00:33

Health: -1/21      AC:  1    Str: 15    XL:     2   Next: 33%
Magic:  2/2        EV: 11    Int: 10    God:
Gold:   23         SH:  8    Dex: 11    Spells: 1/1 levels left

rFire    . . .     SeeInvis .   a - +0 war axe
rCold    . . .     Faith    .   b - +0 kite shield
rNeg     . . .     Spirit   .   (helmet restricted)
rPois    .         Reflect  .   (no amulet)
rElec    .         Harm     .   (no ring)
rCorr    .         Rampage  .   (no ring)
Will     .....                  (no ring)
Stlth    ++........             (no ring)
HPRegen  0.07/turn              (no ring)
MPRegen  0.08/turn              (no ring)
                                (no ring)
                                (no ring)

@: no status effects
A: almost no armour, amphibious, 8 rings, camouflage 1, gelatinous body 1,
(nimble swimmer 1), tentacles
a: no special abilities


You were on level 5 of the Dungeon.
You visited 1 branch of the dungeon, and saw 5 of its levels.

You collected 23 gold pieces.

Inventory:

Hand Weapons
 a - a +0 war axe (weapon)
Armour
 b - a +0 kite shield (worn)
Potions
 c - a potion of might
 d - a potion of curing {unknown}


   Skills:
 * Level 3.2 Fighting
 * Level 2.3 Axes
 - Level 3.0 Dodging
 * Level 3.2 Shields


You had one spell level left.
You didn't know any spells.
Your spell library was empty.

Dungeon Overview and Level Annotations

Branches:
Dungeon (5/15)
 Temple: D:4-7

Altars:
Hepliaklqana

Annotations:
D:3 Robin


Innate Abilities, Weirdness & Mutations

You cannot wear most types of armour.
You are amphibious.
You can wear up to eight rings at the same time.
Your skin changes colour to match your surroundings (Stealth+).
Your rubbery body absorbs attacks. (AC +1, EV +1)
((You are camouflaged near water. (Stealth+)))
You have tentacles for arms and can constrict up to eight enemies at once.


Message History

You kill the goblin!
No target in view!
HP restored.
Things that are here:
a +0 dagger; a goblin corpse
Found a stone staircase leading down.
Found a whip.
An orc comes into view. It is wielding a +0 dagger.
An orc is nearby!
An orc is nearby!
An orc is nearby!
An orc and an orc wizard come into view.
The orc shouts! x2; The orc wizard shouts!
An orc wizard comes into view. It is wielding a +0 dagger.
You see here 3 scrolls labelled TEAKO KIUSE.
A ball python comes into view.
Found a scroll labelled TEAKO KIUSE.
The orc hits you with a +0 dagger.
You see here 3 scrolls labelled TEAKO KIUSE.
There is a stone staircase leading down here.
The orc barely misses you.
The orc wizard hits you with a +0 dagger.
You climb downwards.
You hear the hiss of flowing sand.
There is an entrance to an ossuary on this level.
Hurry and find it before the portal is buried! 5 gnolls, 3 orcs, an orc wizard and a dart slug come into view.
A gnoll is wielding a +1 halberd of protection.
An orc is wielding a +0 dagger of flaming.
The orc wizard shouts!
The orc shouts! x2; The gnoll shouts!
The orc shouts!
The gnoll shaman shouts!
You hear a shout!
The gnoll shouts!
Found an escape hatch in the floor.
Found two stone staircases leading down.
There is a stone staircase leading up here.
You block the orc's attack.
The orc wizard hits you with a +0 dagger.
The orc wizard points at itself and mumbles some strange words.
The orc wizard flickers and vanishes!
Deactivating autopickup; reactivate with Ctrl-A.
The gnoll hits you from afar with a +1 halberd of protection.
The gnoll hits you with a +0 club!
You die...

#########
#@oo...o.
#.og.o....
.gg........
.w........{..
#gg#..g.....>.
.............>.
...............
...............


You could see a gnoll shaman, an orc wizard, 5 gnolls, a dart slug and 4 orcs.

Vanquished Creatures
  3 endoplasms
  4 goblins
  2 kobolds (D:1)
  A bat (D:1)
  A frilled lizard (D:1)
11 creatures vanquished.

Notes
Turn   | Place    | Note
-------+----------+-------------------------------------------
     0 | D:1      | Zeld the Octopode Fighter began the quest for the Orb.
     0 | D:1      | Reached XP level 1. HP: 16/16 MP: 1/1
    65 | D:1      | Reached XP level 2. HP: 19/21 MP: 2/2
   275 | D:3      | Found a hazy altar of Hepliaklqana.
   278 | D:3      | Noticed Robin
   434 | D:5      | Entered Level 5 of the Dungeon
   435 | D:5      | Slain by a gnoll

Illustrated notes

Levels and vault maps discovered:
D:1:      giann_wishing_wells, layout_basic
D:2:      layout_loops_ring
D:3:      layout_basic, amcnicky_altar_gilded, solitary_fountain,
          minmay_pentangle, uniq_robin
D:4:      layout_cave_pods, okawaru_gym_becter, uniq_eustachio, uniq_natasha
D:5:      layout_rooms, cheibrodos_worm_habitat, lemuel_coloured_pillars_altar,
          enter_ossuary_5, serial_glass, glass_columns_a, glass_columns_b

Action                   || total
-------------------------++-------
Melee: War axe           ||    15
       Constrict         ||     5
       Tentacles         ||     1
 Stab: Sleeping          ||     2
Armor: Skin              ||     1
Dodge: Dodged            ||     8
Block: Kite shield       ||    11

Table legend: (Time is in decaauts)
 A = Elapsed time spent in this place.
 B = Non-inter-level travel time spent in this place.
 C = Inter-level travel time spent in this place.
 D = Time resting spent in this place.
 E = Time spent auto-exploring this place.
 F = Levels seen in this place.
 G = Mean time per level.
                   A        B        C        D        E       F      G
               +--------+--------+--------+--------+--------+-----+--------+
         Total |    443 |    435 |      8 |      0 |    342 |   5 |   88.6 |
       Dungeon |    443 |    435 |      8 |      0 |    342 |   5 |   88.6 |
               +--------+--------+--------+--------+--------+-----+--------+

Top non-repeatable levels by time:
     D:4: 139 daAuts
     D:1: 122 daAuts
     D:3: 117 daAuts
     D:2: 63 daAuts
     D:5: 0 daAuts
